 Dungeon Crawl Stone Soup version 0.22-a0-189-g981819d (webtiles) character file.

965608 LetsPracticeQazlal the Slayer (level 27, -26/222 (223) HPs)
             Began as a Formicid Fighter on Feb 13, 2018.
             Was the Champion of Qazlal.
             Killed from afar by a Hell Sentinel (44 damage)
             ... with damnation
             ... on level 7 of the Iron City of Dis on Feb 15, 2018.
             The game lasted 08:04:41 (90771 turns).

LetsPracticeQazlal the Slayer (Formicid Fighter)   Turns: 90771, Time: 08:04:42

HP:   -26/222 (223) AC: 42    Str: 34    XL:     27
MP:   42/45         EV: 14    Int: 13    God:    Qazlal [******]
Gold: 4157          SH: 41    Dex: 14    Spells: 34/62 levels left

rFire    + + +     SeeInvis +   a - +8 lajatang (slice)
rCold    + + .     Gourm    .   O - +18 shield of the Gong {rElec rN+ MR+ EV-5}
rNeg     + . .     Faith    .   Z - +7 gold dragon scales
rPois    +         Spirit   .   (helmet unavailable)
rElec    +         Reflect  .   e - +2 cloak
rCorr    .         Harm     .   s - +2 pair of gloves of Creativity {rF+}
MR       +++++                  S - +2 pair of boots {run}
Stlth    ..........             m - amulet of Bougrid {Regen+ Slay+3}
HPRegen  0.87/turn              K - ring of Suttyex {*Contam rF+ Str+7 Int+4}
MPRegen  0.29/turn              L - ring "Udatyqes" {*Corrode rPois rC+ MR++}

@: repel missiles, quick
A: permanent stasis, dig shafts and tunnels, four strong arms, antennae 3, beak,
repulsion field 1, rugged brown scales 1, deterioration 1, frail 1, mutation
resistance 1, screaming 1, weak 1, subdued magic 1
}: 6/15 runes: decaying, slimy, silver, obsidian, abyssal, gossamer
a: Dig, Shaft Self, Upheaval, Elemental Force, Disaster Area, Renounce Religion


You were on level 7 of the Iron City of Dis.
You worshipped Qazlal.
Qazlal was exalted by your worship.
You were not hungry.

You visited 15 branches of the dungeon, and saw 73 of its levels.
You visited the Abyss 1 time.
You also visited: Trove, Sewer, Ossuary and Volcano.

You collected 9405 gold pieces.
You spent 5248 gold pieces at shops.

Inventory:

Hand Weapons
 a - a +8 lajatang of slicing (weapon)
 b - a +5 hunting sling of flaming
 g - the +4 hunting sling "Coanuupi" {freeze, Str+4 Int+2}
   (You found it on level 5 of the Vaults)

   It causes projectiles fired from it to freeze those they strike, causing
   extra injury to most foes and up to half again as much damage against
   particularly susceptible opponents.
   They can also slow down cold-blooded creatures.
   It affects your strength (+4).
   It affects your intelligence (+2).
 T - the +7 sceptre of Asmodeus
   (You took it off Asmodeus on level 7 of Gehenna)
Missiles
 o - 1909 stones
 A - 9 throwing nets
 D - 12 javelins (quivered)
 R - 212 sling bullets
Armour
 c - a scarf of resistance
 e - a +2 cloak (worn)
 s - the +2 pair of gloves of Creativity (worn) {rF+}
   (You found it on level 5 of the Pits of Slime)

   It protects you from fire.
 O - the +18 shield of the Gong (worn) {rElec rN+ MR+ EV-5}
   (You took it off a deep elf mage on level 3 of the Elven Halls)

   It affects your evasion (-5).
   It insulates you from electricity.
   It protects you from negative energy.
   It affects your resistance to hostile enchantments.
 S - a +2 pair of boots of running (worn)
 Z - +7 gold dragon scales (worn)
Jewellery
 m - the amulet of Bougrid (around neck) {Regen+ Slay+3}
   (You found it in a treasure trove)

   [amulet of regeneration]

   It affects your accuracy and damage with ranged weapons and melee attacks
   (+3).
   It increases your rate of regeneration.
 K - the ring of Suttyex (left hand) {*Contam rF+ Str+7 Int+4}
   (You acquired it on level 2 of the Lair of Beasts)

   [ring of protection from fire]

   It affects your strength (+7).
   It affects your intelligence (+4).
   It protects you from fire.
   It causes magical contamination when unequipped.
 L - the ring "Udatyqes" (right hand) {*Corrode rPois rC+ MR++}
   (You found it on level 1 of the Spider Nest)

   [ring of protection from cold]

   It protects you from cold.
   It protects you from poison.
   It affects your resistance to hostile enchantments.
   It may corrode you when you take damage.
 M - the ring of Qazlal's Outrage {Str+6 Stlth+}
   (You found it on level 1 of the Spider Nest)

   [ring of stealth]

   It affects your strength (+6).
   It makes you more stealthy.
 V - the ring "Unijoih" {rCorr +Inv +Fly rF+ rC+}
   (You acquired it on level 6 of the Lair of Beasts)

   [ring of resist corrosion]

   It protects you from fire.
   It protects you from cold.
   It lets you turn invisible.
   It lets you fly.
Wands
 j - a wand of acid (46)
 k - a wand of digging (17)
 r - a wand of disintegration (14)
 t - a wand of scattershot (6)
 H - a wand of iceblast (20)
 W - a wand of clouds (11)
Scrolls
 h - 4 scrolls of magic mapping
 n - 29 scrolls of remove curse
 p - 18 scrolls of identify
 x - 4 scrolls of holy word
 y - 11 scrolls of fog
 U - a scroll of silence
Potions
 d - 2 potions of might
 u - 6 potions of mutation
 v - 12 potions of agility
 w - 9 potions of ambrosia
 z - 8 potions of lignification
 B - 14 potions of flight
 C - 3 potions of cancellation
 E - 3 potions of resistance
 F - 7 potions of invisibility
 I - 18 potions of curing
 J - 3 potions of heal wounds
 Y - 7 potions of magic
Miscellaneous
 i - 3 phantom mirrors
 l - a lamp of fire
 q - a phial of floods
 G - the horn of Geryon
 N - 2 boxes of beasts
 Q - a sack of spiders
 X - a lightning rod (4/4)
Comestibles
 f - 82 rations


   Skills:
 + Level 24.4 Fighting
 + Level 24.2 Staves
 - Level 23.3 Slings
 - Level 0.1(14.9) Throwing
 - Level 20.0 Armour
 - Level 18.0 Dodging
 - Level 15.0 Shields
 - Level 18.0 Spellcasting
 - Level 14.7 Summonings
 - Level 12.0 Translocations
 - Level 14.0 Transmutations
 - Level 15.1 Earth Magic
 - Level 22.3 Invocations
 - Level 16.0 Evocations


You had 34 spell levels left.
You knew the following spells:

 Your Spells              Type           Power        Failure   Level  Hunger
a - Aura of Abjuration    Summ           #####.....   1%          5    ####...
b - Apportation           Tloc           ####..       1%          1    None
c - Passage of Golubria   Tloc           N/A          1%          4    #......
d - Malign Gateway        Summ/Tloc      #####.....   75%         7    #######
e - Summon Forest         Summ/Tloc      #####.....   3%          5    ####...
f - Statue Form           Tmut/Erth      #####....    12%         6    ######.


Dungeon Overview and Level Annotations

Branches:
Dungeon (15/15)            Temple (1/1) D:4            Lair (6/6) D:10
  Swamp (4/4) Lair:3       Spider (4/4) Lair:4        Slime (5/5) Lair:6
    Orc (2/2) D:12            Elf (3/3) Orc:2        Vaults (5/5) D:14
  Crypt (3/3) Vaults:3       Tomb (0/3) Crypt:3      Depths (5/5) D:15
   Hell (1/1)                 Dis (7/7) Hell            Geh (7/7) Hell
    Coc (0/7) Hell            Tar (0/7) Hell            Zot (5/5) Depths:5

Altars:
Ashenzari
Cheibriados
Dithmenos
Elyvilon
Fedhas
Gozag
Hepliaklqana
Kikubaaqudgha
Makhleb
Nemelex Xobeh
Qazlal
Ru
Sif Muna
Trog
Uskayaw
Vehumet
Wu Jian
Xom
Yredelemnul
Zin
The Shining One
Beogh
Jiyva

Shops:
D:7 [   Orc:2 *[=(   Elf:1 [=}=   Elf:2 (   Vaults:5 !%!   Depths:1 :[*
Depths:2 *   Depths:3 [[?}   Depths:4 [

Portals:
Hell: Depths:1 Depths:2 Depths:3* Depths:4 Depths:5
Abyss: Depths:4
Pandemonium: Depths:2 Depths:3 Depths:4
Ziggurat: Depths:5

Annotations:
D:3 1 runed door
Dis:6 11 runed doors


Innate Abilities, Weirdness & Mutations

You cannot be hasted, slowed, berserked, paralysed or teleported.
You can dig through walls and to a lower floor.
Your four strong arms can wield two-handed weapons with a shield.
You have a pair of large antennae on your head. (SInv)
You have a beak for a mouth.
You are surrounded by a mild repulsion field. (EV +2)
You are partially covered in rugged brown scales. (AC +1, +3% HP)
Your body sometimes deteriorates upon taking damage.
You are frail. (-10% HP)
You are somewhat resistant to further mutation.
You occasionally shout uncontrollably at your foes.
You are weak. (Str -2)
Your spells are a little easier to cast, but a little less powerful.


Message History

You block the Hell Sentinel's attack.
GONNNNG!
The Hell Sentinel gestures at you.
The sphere of damnation explodes!
The damnation engulfs the Hell Sentinel.
The Hell Sentinel completely resists.
The damnation engulfs the Hell Sentinel.
The Hell Sentinel completely resists.
The damnation engulfs you!
* * * LOW HITPOINT WARNING * * *
Unknown command.
Unknown command.
You enter the passage of Golubria.
There is a passage of Golubria, spattered with blood here.
Items here: ))))))
There is a gateway to Hell, spattered with blood here.
You see here a dire flail.
You can't go down here!
The Hell Sentinel gestures at you.
The sphere of damnation explodes!
The damnation engulfs you!
You die...

...#.........,,,,,,,,*
...#...######**#.....#
...#...# #.....# ####...#
#.....# ....)..# #.....#
...).÷∩# #.....# ......÷#
#.....# .......# #§)...#
.......# #@§...#
.......#########^§...#
................§.§..###
..................§....#
.....................#.#*
........................#
##########''#############
#.11.# #########)...#


You could see 2 Hell Sentinels.

Vanquished Creatures
  Asmodeus (Geh:7)
  the Royal Jelly (Slime:5)
  Dissolution (Slime:1)
  12 ancient liches
  Mennas (Vaults:3)
  Mara (Crypt:2)
  7 orbs of fire
  Boris (Vaults:3)
  2 greater mummies (Crypt:2)
  Bai Suzhen (Vaults:4)
  9 Killer Klowns
  Saint Roka (Depths:2)
  6 curse toes
  A caustic shrike (Depths:4)
  13 golden dragons
  Nikola (Depths:1)
  Jory (Crypt:3)
  Geryon (Hell)
  the Enchantress (D:15)
  6 bone dragons
  4 Tzitzimimeh
  Arachne (Spider:3)
  19 Brimstone Fiends
  12 iron giants
  4 electric golems
  12 tentacled monstrosities
  Jorgrun (Spider:3)
  An Ice Fiend (Depths:3)
  13 liches
  9 Hell Sentinels
  The ghost of Nornya the Earth Mage, an adept GrEE of Vehumet (Vaults:1)
  Asterion (D:15)
  25 Orb Guardians (Zot:5)
  3 quicksilver dragons
  3 deep elf master archers (Elf:3)
  22 acid blobs
  5 Executioners
  5 titans
  4 deep elf blademasters
  A thorn hunter (Swamp:3)
  An eldritch tentacle (Dis:6)
  11 tentacled starspawn
  10 sphinxes
  Gastronok (D:8)
  8 shadow dragons
  8 death cobs
  Agnes (Spider:4)
  20 ancient champions
  Donald (Elf:2)
  13 tengu reavers
  Kirke (Spider:2)
  15 storm dragons
  2 revenants
  20 fire giants
  6 draconian monks
  15 frost giants
  10 azure jellies
  5 deep elf sorcerers
  2 cacodemons
  10 ghost moths
  19 vault wardens
  6 iron dragons
  5 emperor scorpions
  12 draconian knights
  7 draconian scorchers
  8 draconian shifters
  A curse skull (Crypt:3)
  5 deep elf elementalists
  Louise (D:15)
  Aizul (Swamp:3)
  23 balrugs
  7 ghouls
  24 very ugly things
  7 draconian annihilators
  8 draconian stormcallers
  13 ironheart preservers
  18 war gargoyles
  3 spriggan defenders (D:15)
  4 deep elf demonologists
  A juggernaut skeleton (Crypt:2)
  16 stone giants
  6 entropy weavers
  39 reapers
  6 vampire knights
  14 green draconians
  Nessos (Lair:6)
  Azrael (Spider:2)
  10 black draconians
  6 deep elf annihilators
  14 white draconians
  12 yellow draconians
  6 red draconians
  5 green deaths
  11 spark wasps
  18 purple draconians
  Snorg (Orc:1)
  11 blizzard demons
  3 eidola
  7 death oozes
  3 crystal guardians
  15 ettins
  18 jiangshi
  The ghost of brevous the Geomancer, a journeyman GrEE of Vehumet (Lair:1)
  12 ogre magi
  13 mummy priests
  36 large abominations
  12 deep elf death magi
  11 fire dragons
  7 quicksilver dragon zombies
  73 slime creatures
  5 deep elf high priests
  The ghost of regis the Grappler, a journeyman TrMo of Makhleb (Lair:1)
  Josephine (D:14)
  15 yaktaur captains
  The ghost of GuildmasterMusic the Blocker, a journeyman MiFi of Makhleb (Lair:2)
  11 ice dragons
  2 great orbs of eyes (shapeshifter) (Abyss:4)
  18 great orbs of eyes
  Erolcha (Orc:2)
  Harold (D:11)
  Fannar (D:12)
  2 hell beasts (Dis:7)
  8 quicksilver dragon skeletons
  37 vault guards
  8 spriggan air magi
  A catoblepas (Abyss:2)
  4 centaur warriors
  3 ghost crabs
  5 rakshasas
  22 hydras
  A two-headed ogre (shapeshifter) (Vaults:4)
  Erica (D:8)
  8 death knights
  40 dancing weapons
  25 two-headed ogres
  8 alligators
  A queen ant (shapeshifter) (Depths:4)
  6 deep troll shamans
  4 tengu warriors
  5 death yaks (Lair:4)
  6 thrashing horrors
  7 spriggan berserkers
  6 vampire magi
  5 deep troll earth magi
  3 orc high priests (Orc:2)
  29 hell hogs
  30 sun demons
  Urug (D:15)
  Nergalle (Orc:1)
  3 titan zombies
  6 soul eaters
  5 iron golems
  62 hell knights
  A salamander mystic (Depths:5)
  21 small abominations
  6 wretched stars
  79 skeletal warriors
  30 deep elf knights
  2 fire crabs (Abyss:2)
  2 sixfirhies
  2 storm dragon zombies
  19 deep trolls
  A minotaur zombie (Dis:7)
  7 iron trolls
  4 shadow wraiths
  4 spriggan druids
  4 titan skeletons
  7 anaconda zombies
  6 glowing orange brains
  51 starcursed masses
  4 storm dragon skeletons
  17 flayed ghosts
  A shadow demon (Dis:1)
  6 wizards
  5 golden dragon zombies
  15 unseen horrors
  Pikel (D:7)
  8 swamp dragons
  15 ironbrand convokers
  A ghost moth zombie (Geh:1)
  3 golden dragon skeletons
  7 shadow dragon zombies
  9 deep elf archers
  3 shambling mangroves
  A swamp dragon (shapeshifter) (Vaults:4)
  16 orc knights
  A harpy (shapeshifter) (D:15)
  3 anaconda skeletons
  An orb spider (shapeshifter) (Depths:2)
  A tengu zombie (Vaults:3)
  20 necromancers
  17 orb spiders
  A mana viper (shapeshifter) (Depths:2)
  9 frost giant zombies
  3 harpies (Vaults:3)
  A tengu skeleton (Depths:4)
  4 wolf spider zombies
  A lindwurm (Lair:3)
  A sphinx skeleton (Depths:4)
  21 phantasmal warriors
  7 iron dragon zombies
  8 fire giant zombies
  6 shining eyes
  2 shadow dragon skeletons
  69 deep elf magi
  15 oklob plants
  3 manticores
  30 wolf spiders
  8 orc sorcerers
  54 ugly things
  7 stone giant zombies
  3 cyclopes
  4 salamanders
  A faun (shapeshifter) (Vaults:4)
  7 worldbinders
  22 moths of wrath
  A guardian serpent (shapeshifter) (Abyss:4)
  A moth of wrath (shapeshifter) (Vaults:4)
  A manticore (shapeshifter) (Depths:1)
  Joseph (D:7)
  4 iron dragon skeletons
  4 guardian serpents
  10 vault sentinels
  2 shock serpent zombies
  5 toenail golems (Volcano)
  5 stone giant skeletons
  An eye of devastation (shapeshifter) (Depths:2)
  3 frost giant skeletons
  2 eyes of devastation
  3 elephants (Lair:3)
  2 ice statues
  6 fire giant skeletons
  49 rust devils
  2 dire elephant zombies
  A naga mage (Abyss:4)
  13 smoke demons
  A torpor snail (Spider:3)
  4 orange demons
  28 spiny frogs
  5 apocalypse crabs
  2 gargoyles
  An emperor scorpion zombie (Geh:7)
  A yaktaur zombie (Vaults:3)
  An elf zombie (Depths:4)
  34 hellions
  13 molten gargoyles
  2 dire elephant skeletons (Geh:7)
  4 kobold demonologists
  A storm dragon simulacrum (Depths:4)
  A yaktaur (shapeshifter) (D:15)
  2 rime drakes (shapeshifter)
  11 komodo dragons
  A catoblepas zombie (Geh:7)
  4 hellwings
  3 rime drakes
  A redback zombie (Crypt:3)
  10 efreet
  15 demonic crawlers
  19 freezing wraiths
  A purple draconian skeleton (Crypt:3)
  32 tormentors
  15 guardian mummies
  A red draconian skeleton (Crypt:2)
  A golden dragon simulacrum (Depths:4)
  31 yaktaurs
  16 ancient zymes
  32 jumping spiders
  10 ice devils
  A spark wasp simulacrum (Depths:4)
  4 hydra zombies
  2 polar bears (shapeshifter)
  3 hydra skeletons
  9 trolls
  A blink frog (shapeshifter) (Vaults:5)
  An iron troll skeleton (Crypt:3)
  A meliai (shapeshifter) (Abyss:4)
  40 red devils
  A harpy zombie (Dis:7)
  8 tyrant leeches
  29 hornets
  A harpy skeleton (Dis:2)
  A catoblepas skeleton (Geh:4)
  6 polar bears
  8 ettin zombies
  Grinder (D:5)
  17 raiju
  2 dream sheep (D:11)
  3 fire dragon zombies
  37 blink frogs
  9 hippogriffs
  A slime creature (shapeshifter) (Vaults:2)
  10 bog bodies
  An alligator skeleton (Geh:7)
  2 alligator zombies
  2 guardian serpent skeletons
  3 fire dragon skeletons
  A fire giant simulacrum (Vaults:1)
  A stone giant simulacrum (Vaults:3)
  62 flying skulls
  2 black mamba zombies
  7 ettin skeletons
  2 frost giant simulacra
  3 ice dragon zombies
  A satyr skeleton (Crypt:3)
  43 wraiths
  25 tarantellas
  An ice dragon skeleton (Geh:7)
  88 redbacks
  A spriggan (shapeshifter) (Depths:2)
  15 shadows
  10 spriggans
  2 air elementals
  2 wyverns (Lair:2)
  6 ynoxinuls
  11 water elementals
  A vampire (D:12)
  2 fire bats (shapeshifter)
  A human (shapeshifter) (Depths:2)
  A black mamba skeleton (Geh:6)
  20 yaks
  29 fire elementals
  A fire bat (Geh:5)
  2 golden eyes (Slime:4)
  3 basilisks
  2 basilisks (shapeshifter)
  4 chaos spawn
  Grum (D:9)
  2 hungry ghosts
  23 vampire mosquitoes
  A spatial vortex (Abyss:4)
  4 wargs
  2 neqoxecs
  Edmund (D:4)
  6 insubstantial wisps
  2 nagas (Abyss:4)
  5 spiny frog zombies
  18 swamp worms
  A water nymph zombie (Crypt:3)
  A floating eye (Slime:2)
  Duvessa (D:5)
  2 soldier ants
  An acid dragon (D:12)
  10 water moccasins
  2 floating eyes (shapeshifter)
  91 hell hounds
  10 porcupines
  13 swamp drakes
  A spiny frog skeleton (Geh:3)
  4 ice beasts
  7 black bears
  14 eyes of draining
  34 orc warriors
  6 snapping turtle zombies
  2 phantoms
  2 manticore zombies
  4 sky beasts
  2 swamp dragon zombies
  An alligator simulacrum (Hell)
  11 necrophages
  37 ogres
  6 boggarts
  A swamp dragon skeleton (Geh:3)
  15 wolves
  2 snapping turtle skeletons
  A lindwurm skeleton (Crypt:1)
  4 slaves (D:7)
  A torpor snail zombie (Crypt:1)
  15 centaurs
  13 crocodiles
  2 elf simulacra
  Blork the orc (D:5)
  9 big kobolds
  29 bullfrogs
  A spiny frog simulacrum (Hell)
  A bullfrog (shapeshifter) (Elf:1)
  An elf skeleton (D:5)
  2 earth elementals
  A komodo dragon skeleton (Crypt:2)
  An ogre simulacrum (Vaults:1)
  A cyclops zombie (Crypt:3)
  Dowan (D:5)
  2 scorpions
  A spriggan zombie (Geh:7)
  6 killer bees
  A snapping turtle simulacrum (Abyss:4)
  A troll skeleton (Geh:4)
  66 wights
  8 electric eels
  A howler monkey (shapeshifter) (D:15)
  4 howler monkeys
  A lava snake (Lair:5)
  3 centaur zombies
  A bullfrog zombie (D:6)
  16 crimson imps
  12 hounds
  A quasit (Abyss:2)
  A human simulacrum (Vaults:3)
  2 bullfrog skeletons (D:11)
  5 jellies
  A human zombie (D:5)
  26 orc priests
  4 centaur skeletons
  29 orc wizards
  43 iron imps
  4 iguanas
  4 human skeletons
  6 worker ants
  A big kobold zombie (Ossuary)
  A crocodile skeleton (Crypt:1)
  2 hound zombies
  A naga skeleton (Geh:6)
  A hound skeleton (D:6)
  11 mummies
  Robin (D:3)
  2 worker ant zombies
  A gnoll (D:8)
  13 adders
  A river rat (D:6)
  A swamp drake skeleton (Crypt:3)
  3 shadow imps
  12 white imps
  4 ufetubi (Abyss:2)
  6 oozes
  9 adder zombies
  An adder skeleton (D:6)
  3 worms
  A barachi skeleton (Crypt:2)
  A barachi zombie (Crypt:2)
  2 dart slugs (D:1)
  4 leopard geckos
  77 orcs
  10 ball pythons
  6 giant cockroaches
  23 goblins
  9 hobgoblins
  11 jackals
  4 quokkas
  8 bats
  8 frilled lizards
  A frilled lizard skeleton (Crypt:1)
  6 gnoll zombies (Ossuary)
  3 goblin zombies (Ossuary)
  3 hobgoblin zombies (Ossuary)
  4 jackal zombies (Ossuary)
  21 kobolds
  A kobold zombie (Ossuary)
  3 orc skeletons
  3 orc zombies
  2 quokka skeletons
  5 quokka zombies
  9 rats
  4 rat zombies (Ossuary)
  A bush (Zot:4)
  4 crawling corpses
  3 fire vortices
  5 fungi
  4 lurking horrors
  A macabre mass (Depths:4)
  14 plants
  3 starspawn tentacles
4022 creatures vanquished.

Vanquished Creatures (collateral kills)
  A death knight (Vaults:5)
  A wolf spider (Spider:4)
  A jumping spider (Spider:4)
3 creatures vanquished.

Vanquished Creatures (others)
  A tentacled monstrosity (Vaults:5)
  A deep elf master archer (Elf:3)
  5 eldritch tentacles
  A death cob (Zot:1)
  A balrug (Geh:7)
  A draconian knight (Zot:1)
  An ironheart preserver (Vaults:5)
  A stone giant (Vaults:3)
  A vampire knight (Depths:5)
  A yellow draconian (Zot:1)
  5 yaktaur captains
  2 centaur warriors
  2 hell hogs
  A storm dragon zombie (Geh:7)
  A golden dragon zombie (Geh:7)
  2 deep elf archers
  A deep elf mage (Elf:3)
  A moth of wrath (Zot:1)
  An emperor scorpion zombie (Geh:7)
  6 yaktaurs
  A hydra zombie (Geh:7)
  A hornet (Spider:4)
  A hydra skeleton (Geh:6)
  2 ettin zombies (Geh:7)
  2 ice dragon zombies (Geh:7)
  A fire dragon zombie (Geh:7)
  A fire dragon skeleton (Geh:7)
  An air elemental (Elf:2)
  A shadow (Geh:1)
  A redback (Spider:1)
  A tarantella (Spider:1)
  An ettin skeleton (Geh:7)
  A vampire mosquito (Swamp:4)
  A gelid demonspawn zombie (Geh:7)
  A hell hound (Dis:3)
  An orc warrior (Vaults:5)
  A spiny frog skeleton (Geh:7)
  2 centaurs
  A scorpion (Depths:4)
  6 wights
  A hell rat (Depths:4)
  9 bushes (Zot:4)
  A crawling corpse (Vaults:5)
  18 fungi
  59 plants
  21 starspawn tentacles
173 creatures vanquished.

Grand Total: 4198 creatures vanquished

Notes
Turn   | Place    | Note
-------+----------+-------------------------------------------
     0 | D:1      | LetsPracticeQazlal the Formicid Fighter began the quest for the Orb.
     0 | D:1      | Reached XP level 1. HP: 18/18 MP: 1/1
   126 | D:1      | Reached XP level 2. HP: 22/24 MP: 2/2
   340 | D:1      | Reached XP level 3. HP: 28/29 MP: 3/3
  1038 | D:2      | Reached XP level 4. HP: 28/37 MP: 4/4
  1063 | D:2      | Found a shimmering altar of Xom.
  1067 | D:2      | Found a shimmering altar of Xom.
  1090 | D:2      | Found a shimmering altar of Xom.
  1094 | D:2      | Found a shimmering altar of Xom.
  1397 | D:2      | Found a blossoming altar of Fedhas.
  2135 | D:3      | Reached XP level 5. HP: 42/42 MP: 5/5
  2351 | D:3      | Found a runed door.
  2637 | D:3      | Noticed Robin
  2691 | D:3      | Killed Robin
  2691 | D:3      | Reached skill level 1 in Slings
  3195 | D:4      | Found a staircase to the Ecumenical Temple.
  3214 | D:4      | Reached XP level 6. HP: 36/48 MP: 6/6
  3235 | Temple   | Entered the Ecumenical Temple
  3245 | Temple   | Became a worshipper of Qazlal Stormbringer
  3273 | D:4      | Noticed Edmund
  3294 | D:4      | Killed Edmund
  3470 | D:4      | Reached XP level 7. HP: 54/54 MP: 7/7
  3735 | D:5      | Entered Level 5 of the Dungeon
  3788 | D:5      | Reached skill level 5 in Staves
  3845 | D:5      | Reached skill level 5 in Shields
  3849 | D:5      | Found a sand-covered staircase.
  3877 | Ossuary  | Entered an ossuary
  3963 | Ossuary  | Reached * piety under Qazlal
  4231 | Ossuary  | Reached XP level 8. HP: 60/60 MP: 8/8
  4281 | D:5      | Noticed Blork the orc
  4307 | D:5      | Killed Blork the orc
  4307 | D:5      | Reached skill level 5 in Armour
  4712 | D:5      | Reached ** piety under Qazlal
  4732 | D:5      | Noticed Grinder
  4759 | D:5      | Killed Grinder
  4850 | D:5      | Noticed Dowan
  4864 | D:5      | Killed Dowan
  5138 | D:5      | Noticed Duvessa
  5152 | D:5      | Killed Duvessa
  5444 | D:6      | Reached XP level 9. HP: 65/67 MP: 9/9
  5454 | D:6      | Reached skill level 5 in Fighting
  5592 | D:6      | Found a glowing drain.
  5600 | Sewer    | Entered a sewer
  5924 | Sewer    | Reached *** piety under Qazlal
  6141 | D:6      | Reached skill level 1 in Invocations
  6526 | D:6      | Found a glowing golden altar of the Shining One.
  6527 | D:6      | Found an ornate altar of the Wu Jian Council.
  6527 | D:6      | Found a burning altar of Makhleb.
  6528 | D:6      | Found an ancient bone altar of Kikubaaqudgha.
  6676 | D:7      | Noticed Joseph
  7012 | D:7      | Noticed a hippogriff
  7022 | D:7      | Killed a hippogriff
  7022 | D:7      | Reached XP level 10. HP: 70/76 MP: 11/11
  7267 | D:7      | Noticed Pikel
  7286 | D:7      | Killed Pikel
  7286 | D:7      | Reached skill level 5 in Slings
  7574 | D:7      | Killed Joseph
  7900 | D:7      | Found Tiptakh's Armour Boutique.
  8075 | D:7      | Noticed an angel
  8076 | D:7      | Found a glowing silver altar of Zin.
  8322 | D:7      | Reached **** piety under Qazlal
  8554 | D:8      | Found a deep blue altar of Sif Muna.
  8587 | D:8      | Noticed a two-headed ogre
  8663 | D:8      | Noticed Erica
  8829 | D:8      | Killed Erica
  8829 | D:8      | Reached XP level 11. HP: 55/84 MP: 14/14
  8946 | D:8      | Reached skill level 5 in Invocations
  9077 | D:8      | You fall through a shaft for 2 floors!
  9077 | D:10     | Entered Level 10 of the Dungeon
  9413 | D:9      | Found a hazy altar of Hepliaklqana.
  9541 | D:9      | Noticed Grum
  9550 | D:9      | Killed Grum
  9794 | D:8      | Killed a two-headed ogre
  9794 | D:8      | Reached ***** piety under Qazlal
  9994 | D:8      | Found a shadowy altar of Dithmenos.
 10146 | D:8      | Noticed Gastronok
 10207 | D:8      | Killed Gastronok
 10207 | D:8      | Reached skill level 10 in Staves
 10814 | D:9      | Got a bronze ring mail
 10901 | D:10     | Reached XP level 12. HP: 59/92 MP: 18/18
 10925 | D:10     | Found a staircase to the Lair.
 12216 | D:11     | Noticed a three-headed hydra
 12222 | D:11     | Killed a three-headed hydra
 12645 | D:11     | Found a portal to a secret trove of treasure.
 12750 | D:11     | Noticed Harold
 12763 | D:11     | Killed Harold
 12786 | D:11     | Identified the +1 ring mail "Enia" {MR+ Str+10 Int-4 Dex-5} (You found it on level 9 of the Dungeon)
 12970 | Lair:1   | Entered Level 1 of the Lair of Beasts
 12978 | Lair:1   | Noticed brevous's ghost (journeyman GrEE)
 13017 | Lair:1   | Killed brevous's ghost
 13188 | Lair:1   | Noticed a six-headed hydra
 13198 | Lair:1   | Killed a six-headed hydra
 13354 | Lair:1   | Reached XP level 13. HP: 100/100 MP: 19/19
 13444 | Lair:1   | Noticed regis's ghost (journeyman TrMo)
 13506 | Lair:1   | Killed regis's ghost
 14333 | Lair:2   | Noticed GuildmasterMusic's ghost (journeyman MiFi)
 14370 | Lair:2   | Killed GuildmasterMusic's ghost
 14559 | Lair:2   | Identified 3 scrolls of acquirement
 14573 | Lair:2   | Got a twitching platinum ring
 14575 | Lair:2   | Identified the ring of Suttyex {*Contam rF+ Str+7 Int+4} (You acquired it on level 2 of the Lair of Beasts)
 14844 | Lair:2   | Reached skill level 10 in Slings
 15350 | Lair:3   | Found a dark tunnel.
 15367 | Volcano  | Entered a volcano
 15386 | Volcano  | Reached skill level 10 in Fighting
 15980 | Lair:3   | Found a staircase to the Swamp.
 16138 | Lair:3   | Reached skill level 10 in Invocations
 16251 | Lair:3   | Reached ****** piety under Qazlal
 16253 | Lair:3   | Reached XP level 14. HP: 109/111 MP: 19/21
 17653 | Lair:4   | Found a hole to the Spider Nest.
 18677 | Lair:6   | Entered Level 6 of the Lair of Beasts
 18758 | Lair:6   | Reached skill level 10 in Armour
 19235 | Lair:6   | Noticed Nessos
 19251 | Lair:6   | Killed Nessos
 19251 | Lair:6   | Reached XP level 15. HP: 104/120 MP: 23/23
 19549 | Lair:6   | Found a staircase to the Slime Pits.
 19725 | Lair:6   | Identified a +1 pair of boots of running (You found it on level 6 of the Lair of Beasts)
 19776 | Lair:6   | Got a wavering bronze ring
 19778 | Lair:6   | Identified the ring "Unijoih" {rCorr +Inv +Fly rF+ rC+} (You acquired it on level 6 of the Lair of Beasts)
 21179 | D:12     | Found a staircase to the Orcish Mines.
 21255 | D:12     | Noticed Fannar
 21266 | D:12     | Killed Fannar
 21782 | Orc:1    | Entered Level 1 of the Orcish Mines
 21790 | Orc:1    | Noticed Nergalle
 21796 | Orc:1    | Killed Nergalle
 22026 | Orc:1    | Noticed Snorg
 22040 | Orc:1    | Killed Snorg
 22304 | Orc:2    | Entered Level 2 of the Orcish Mines
 22307 | Orc:2    | Noticed Erolcha
 22318 | Orc:2    | Killed Erolcha
 22756 | Orc:2    | Reached XP level 16. HP: 129/129 MP: 21/25
 22921 | Orc:2    | Found a roughly hewn altar of Beogh.
 23073 | Orc:2    | Found a staircase to the Elven Halls.
 23136 | Orc:2    | Found Owko's Assorted Antiques.
 23140 | Orc:2    | Found Wetet's Jewellery Shoppe.
 23144 | Orc:2    | Bought a scroll of identify for 52 gold pieces
 23144 | Orc:2    | Bought a scroll of identify for 52 gold pieces
 23149 | Orc:2    | Found Ygoabof's Weapon Shoppe.
 23151 | Orc:2    | Found Jiuf Dac's Antique Armour Boutique.
 23194 | Orc:2    | Bought an uncursed ring of poison resistance for 220 gold pieces
 23481 | Swamp:1  | Entered Level 1 of the Swamp
 25187 | Swamp:3  | Noticed a thorn hunter
 25217 | Swamp:3  | Killed a thorn hunter
 26403 | Swamp:3  | Noticed Aizul
 26425 | Swamp:3  | Killed Aizul
 26861 | Swamp:3  | Reached skill level 15 in Staves
 27137 | Swamp:4  | Entered Level 4 of the Swamp
 27275 | Swamp:3  | Reached XP level 17. HP: 121/139 MP: 23/26
 28198 | Swamp:4  | Got a decaying rune of Zot
 28604 | Spider:1 | Entered Level 1 of the Spider Nest
 28639 | Lair:4   | Reached skill level 1 in Evocations
 29008 | Spider:1 | Reached skill level 10 in Shields
 29216 | Spider:1 | Found a transporter.
 29239 | Spider:1 | Found the ring of the Mage {Wiz MR++ Int+3}
 29570 | Spider:1 | Found a transporter.
 30177 | Spider:2 | Noticed Kirke
 30181 | Spider:2 | Killed Kirke
 30645 | Spider:2 | You fall through a shaft!
 30645 | Spider:3 | Noticed Azrael
 30664 | Spider:2 | Killed Azrael
 31116 | Spider:3 | Reached XP level 18. HP: 146/146 MP: 27/27
 31476 | Spider:3 | Noticed Jorgrun
 31486 | Spider:3 | Killed Jorgrun
 31939 | Spider:3 | Found a roughly hewn altar of Beogh.
 31953 | Spider:3 | Upgraded the game from 0.22-a0-162-g33bf127 to 0.22-a0-179-gb5258fd
 32200 | Spider:1 | Got an ancient copper ring
 32212 | Spider:1 | Got a coiled lead ring
 32217 | Spider:1 | Identified the ring "Udatyqes" {*Corrode rPois rC+ MR++} (You found it on level 1 of the Spider Nest)
 32219 | Spider:1 | Identified the ring of Qazlal's Outrage {Str+6 Stlth+} (You found it on level 1 of the Spider Nest)
 32337 | Spider:4 | Entered Level 4 of the Spider Nest
 32339 | Spider:4 | Noticed Arachne
 32376 | Spider:3 | Killed Arachne
 32376 | Spider:3 | Reached skill level 5 in Evocations
 32744 | Spider:4 | Reached skill level 15 in Armour
 33370 | Spider:4 | Noticed Agnes
 33387 | Spider:4 | Killed Agnes
 33514 | Spider:4 | Reached skill level 15 in Slings
 33796 | Spider:4 | Reached XP level 19. HP: 91/147 MP: 11/28
 34608 | Spider:4 | Got a gossamer rune of Zot
 35889 | D:14     | Found a gate to the Vaults.
 36005 | D:14     | Noticed Josephine
 36010 | D:14     | Killed Josephine
 36068 | D:14     | Found a white marble altar of Elyvilon.
 36119 | D:14     | Found a glowing golden altar of the Shining One.
 36499 | D:15     | Entered Level 15 of the Dungeon
 36627 | D:15     | Found a staircase to the Depths.
 36690 | D:15     | Noticed Louise
 36690 | D:15     | Found a bloodstained altar of Trog.
 36695 | D:15     | Killed Louise
 37378 | D:15     | Noticed Urug
 37385 | D:15     | Killed Urug
 37569 | Elf:1    | Entered Level 1 of the Elven Halls
 37921 | Elf:1    | Found Xumpasev's Jewellery Emporium.
 37923 | Elf:1    | Found Juteack's Gadget Shop.
 37924 | Elf:1    | Found Musowory's Jewellery Emporium.
 38112 | Elf:1    | Found Cupnats's Armour Shoppe.
 39025 | Elf:2    | Found Enliti's Antique Weapon Boutique.
 39048 | Elf:2    | Reached XP level 20. HP: 156/159 MP: 29/29
 39432 | Elf:2    | Found a runed gate.
 39432 | Elf:2    | Found a runed gate.
 39432 | Elf:2    | Found a runed gate.
 39506 | Elf:2    | Found a runed door.
 40391 | Elf:2    | Noticed Donald
 40414 | Elf:2    | Killed Donald
 41099 | Elf:3    | Entered Level 3 of the Elven Halls
 41865 | Elf:3    | Reached skill level 15 in Fighting
 42175 | Elf:3    | Reached XP level 21. HP: 168/168 MP: 31/31
 43514 | Elf:3    | Identified the +5 morningstar "Veasaukk" {flame, rF- Str+8 Int+4 SInv} (You found it on level 3 of the Elven Halls)
 43591 | Elf:3    | Identified the Tome of the Lucky Rocks
 43592 | Elf:3    | Identified the Handbook of Ensnaring Feathers
 43610 | Elf:3    | Identified the +1 morningstar of Byhoc {protect, Str+5} (You found it on level 3 of the Elven Halls)
 43916 | Vaults:1 | Entered Level 1 of the Vaults
 43920 | Vaults:1 | Noticed Nornya's ghost (adept GrEE)
 43994 | Vaults:1 | Killed Nornya's ghost
 44327 | Vaults:1 | Reached XP level 22. HP: 178/178 MP: 32/32
 46520 | D:7      | Bought the +8 plate armour of the Devil's Advocate {rF+ Regen+ MP+9} for 1150 gold pieces
 47191 | Vaults:3 | Reached skill level 1 in Dodging
 47447 | Vaults:3 | Reached skill level 5 in Dodging
 47458 | Vaults:3 | Reached XP level 23. HP: 146/187 MP: 33/33
 48453 | Vaults:3 | Found a staircase to the Crypt.
 48509 | Vaults:4 | Noticed Bai Suzhen
 48526 | Vaults:4 | Killed Bai Suzhen
 49095 | Vaults:4 | Reached skill level 15 in Shields
 50803 | Vaults:5 | Entered Level 5 of the Vaults
 50809 | Vaults:5 | Reached XP level 24. HP: 188/197 MP: 33/33
 51149 | Vaults:5 | Noticed an ancient lich
 51174 | Vaults:5 | Noticed an ancient lich
 51224 | Vaults:5 | Killed an ancient lich
 51224 | Vaults:5 | Reached skill level 15 in Invocations
 51264 | Vaults:5 | Noticed an ancient lich
 51305 | Vaults:5 | Killed an ancient lich
 51357 | Vaults:5 | Killed an ancient lich
 51384 | Vaults:5 | Noticed a golden dragon
 51403 | Vaults:5 | Noticed an ancient lich
 51420 | Vaults:5 | Reached XP level 25. HP: 23/204 MP: 35/35
 51437 | Vaults:5 | Got a silver rune of Zot
 51779 | Vaults:5 | Gained mutation: Armour fits poorly on your strangely shaped body. [a cacodemon]
 51784 | Vaults:4 | Killed an ancient lich
 53047 | Vaults:5 | Found Fidinof's Food Emporium.
 53065 | Vaults:5 | Found Qehosum's Distillery.
 53069 | Vaults:5 | Bought a potion of mutation for 160 gold pieces
 53069 | Vaults:5 | Bought a potion of curing for 60 gold pieces
 53069 | Vaults:5 | Bought a potion of curing for 60 gold pieces
 53069 | Vaults:5 | Bought a potion of heal wounds for 100 gold pieces
 53141 | Vaults:5 | Identified the +4 hunting sling "Coanuupi" {freeze, Str+4 Int+2} (You found it on level 5 of the Vaults)
 53232 | Vaults:5 | Identified the cursed +1 mace of the World {speed, *Rage Int+4 Dex+3 Stlth+} (You took it off a yaktaur captain on level 5 of the Vaults)
 53374 | Vaults:5 | Found Fiaff's Distillery.
 53378 | Vaults:5 | Bought 2 potions of curing for 84 gold pieces
 53378 | Vaults:5 | Bought a potion of curing for 42 gold pieces
 53378 | Vaults:5 | Bought 2 potions of heal wounds for 140 gold pieces
 53420 | Vaults:5 | Identified the cursed +1 flail "Dapem" {freeze, *Drain Str+3 Dex+9} (You found it on level 5 of the Vaults)
 53663 | D:11     | You paid a toll of 16 potions of curing to enter a treasure trove
 53664 | Trove    | Entered a treasure trove
 53717 | Trove    | Got a sparkling brass ring
 53719 | Trove    | Got a transparent golden amulet
 53791 | D:11     | Identified the amulet of Bougrid {Regen+ Slay+3} (You found it in a treasure trove)
 53797 | D:11     | Identified the ring "Ysyteorgh" {rPois Str+4 Stlth+} (You found it in a treasure trove)
 53933 | Depths:1 | Entered Level 1 of the Depths
 53933 | Depths:1 | Noticed the Enchantress
 54019 | D:15     | Killed the Enchantress
 54021 | D:15     | Got faerie dragon scales
 54033 | D:15     | Identified the +5 faerie dragon scales {rElec rCorr} (You took it off the Enchantress on level 15 of the Dungeon)
 54060 | Depths:1 | Noticed Asterion
 54089 | Depths:1 | Noticed Nikola
 54102 | D:15     | Killed Asterion
 54131 | Depths:1 | Killed Nikola
 54489 | Depths:1 | Found Alexip's Assorted Antiques.
 54493 | Depths:1 | Found Doushrate's Armour Shop.
 54494 | Depths:1 | Found Kineuck's Book Boutique.
 54497 | Depths:1 | Bought a scroll labeled ULOCAD KIHITHU for 43 gold pieces
 54854 | Depths:1 | Found a gateway to Hell.
 55044 | Depths:2 | Reached XP level 26. HP: 162/215 MP: 36/36
 55198 | Depths:2 | Found a one-way gate leading to the halls of Pandemonium.
 55198 | Depths:2 | Found Guiloumu's Assorted Antiques.
 55598 | Depths:2 | Found a runed door.
 55696 | Depths:2 | Noticed Saint Roka
 55749 | Depths:2 | Killed Saint Roka
 56799 | Depths:2 | Got an ancient spear
 56801 | Depths:2 | Identified the cursed +1 spear of Cewkom {pierce, rPois MR+ Str+2 Int-5} (You found it on level 2 of the Depths)
 58203 | Depths:3 | Found Kaevyumm's Armour Boutique.
 58207 | Depths:3 | Got an ancient gossamer ring
 58209 | Depths:3 | Identified the ring "Hikkiorgh" {Wiz *Drain rElec Str+3 Int+6} (You found it on level 3 of the Depths)
 58222 | Depths:3 | Got a smoking brass ring
 58267 | Depths:3 | Found Hoono's Armour Emporium.
 58419 | Depths:3 | Found Geocanug's Magic Scroll Emporium.
 58422 | Depths:3 | Bought a scroll of enchant weapon for 97 gold pieces
 58864 | Depths:3 | Identified the ring of Jorais {rElec rPois rF- EV+1 Stlth-} (You took it off a crimson imp on level 3 of the Depths)
 58865 | Depths:3 | Identified the +7 morningstar of Urug {freeze, Int+4} (You took it off a mummy priest on level 3 of the Depths)
 58905 | Depths:3 | Reached XP level 27. HP: 221/221 MP: 36/36
 59084 | Depths:3 | Found Odwatoh's Gadget Boutique.
 59203 | Depths:3 | Found the +10 zealot's sword {holy, *Rage rN+ EV+3}
 59239 | Depths:4 | Found Arona's Antique Armour Emporium.
 59404 | Depths:4 | Lost mutation: Armour fits poorly on your strangely shaped body. [potion of mutation]
 59404 | Depths:4 | Gained mutation: You have large cloven feet. [potion of mutation]
 59404 | Depths:4 | Gained mutation: You expend magic power (3 MP) to strengthen your wands. [potion of mutation]
 59404 | Depths:4 | Gained mutation: You have a beak for a mouth. [potion of mutation]
 59404 | Depths:4 | Gained mutation: You passively map a small area around you. [potion of mutation]
 59406 | Depths:4 | Reached skill level 10 in Dodging
 59858 | Depths:4 | Found a one-way gate to the infinite horrors of the Abyss.
 60224 | Depths:4 | Found a runed gate.
 60226 | Depths:4 | Found a runed gate.
 60318 | Depths:4 | Found the +8 glaive of the Guard {elec, +Rage AC+5 SInv}
 60512 | Depths:4 | Found a runed gate.
 60758 | Depths:5 | Entered Level 5 of the Depths
 60979 | Depths:5 | Found a gateway to a ziggurat.
 61281 | Depths:5 | Reached skill level 10 in Evocations
 61852 | Depths:5 | Found a gate to the Realm of Zot.
 61861 | Zot:1    | Entered Level 1 of the Realm of Zot
 62668 | Zot:1    | Noticed an orb of fire
 63425 | Zot:2    | Reached skill level 15 in Evocations
 64147 | Zot:2    | Upgraded the game from 0.22-a0-179-gb5258fd to 0.22-a0-183-g9e71ff9
 64209 | Zot:3    | You fall through a shaft!
 64564 | Zot:4    | Reached skill level 1 in Spellcasting
 64693 | Zot:3    | Noticed an ancient lich
 65084 | Vaults:2 | Learned a level 5 spell: Aura of Abjuration
 65337 | Zot:2    | Learned a level 1 spell: Apportation
 65379 | Zot:3    | Noticed an orb of fire
 65401 | Zot:2    | Reached skill level 1 in Summonings
 65401 | Zot:2    | Reached skill level 1 in Translocations
 65487 | Zot:3    | Reached skill level 15 in Dodging
 65550 | Zot:3    | Reached skill level 5 in Spellcasting
 65616 | Zot:3    | Killed an ancient lich
 65712 | Zot:3    | Gained mutation: Your magical capacity is low. (-10% MP) [an orb of fire]
 65716 | Zot:3    | Killed an orb of fire
 67036 | Zot:4    | Reached skill level 5 in Summonings
 67435 | Zot:5    | Entered Level 5 of the Realm of Zot
 67442 | Zot:5    | Noticed an orb of fire
 67456 | Zot:4    | Reached skill level 5 in Translocations
 67611 | Zot:5    | Gained mutation: You do not regenerate when monsters are visible. [an orb of fire]
 67613 | Zot:5    | Gained mutation: Your spells are a little harder to cast, but a little more powerful. [an orb of fire]
 67631 | Zot:5    | Gained mutation: You are weak. (Str -2) [an orb of fire]
 67635 | Zot:5    | Killed an orb of fire
 67636 | Zot:5    | Lost mutation: Your spells are a little harder to cast, but a little more powerful. [potion of mutation]
 67636 | Zot:5    | Lost mutation: You expend magic power (3 MP) to strengthen your wands. [potion of mutation]
 67636 | Zot:5    | Gained mutation: Your flesh is heat resistant. (rF+) [potion of mutation]
 67636 | Zot:5    | Gained mutation: You are partially covered in rugged brown scales. (AC +1, +3% HP) [potion of mutation]
 67652 | Zot:5    | Noticed an ancient lich
 67665 | Zot:5    | Killed an ancient lich
 67681 | Zot:5    | Lost mutation: Your flesh is heat resistant. (rF+) [potion of mutation]
 67681 | Zot:5    | Lost mutation: Your magical capacity is low. (-10% MP) [potion of mutation]
 67681 | Zot:5    | Gained mutation: Your spells are a little harder to cast, but a little more powerful. [potion of mutation]
 67681 | Zot:5    | Gained mutation: You occasionally shout uncontrollably at your foes. [potion of mutation]
 67681 | Zot:5    | Lost mutation: You have large cloven feet. [potion of mutation]
 67681 | Zot:5    | Gained mutation: You are partially covered in slimy green scales. (AC +2) [potion of mutation]
 67682 | Zot:5    | Lost mutation: Your spells are a little harder to cast, but a little more powerful. [potion of mutation]
 67682 | Zot:5    | Lost mutation: You are weak. (Str -2) [potion of mutation]
 67682 | Zot:5    | Gained mutation: You are surrounded by a mild repulsion field. (EV +2) [potion of mutation]
 67723 | Zot:5    | Lost mutation: You passively map a small area around you. [potion of mutation]
 67723 | Zot:5    | Lost mutation: You do not regenerate when monsters are visible. [potion of mutation]
 67723 | Zot:5    | Gained mutation: You are somewhat resistant to further mutation. [potion of mutation]
 67723 | Zot:5    | Lost mutation: You are partially covered in slimy green scales. (AC +2) [potion of mutation]
 67726 | Zot:5    | Noticed an ancient lich
 67737 | Zot:5    | Killed an ancient lich
 67761 | Zot:5    | Noticed an ancient lich
 67767 | Zot:5    | Killed an ancient lich
 68085 | Zot:5    | Noticed an orb of fire
 68090 | Zot:5    | Killed an orb of fire
 68124 | Zot:5    | Noticed an ancient lich
 68130 | Zot:5    | Killed an ancient lich
 68130 | Zot:5    | Reached skill level 10 in Spellcasting
 68160 | Zot:5    | Noticed an orb of fire
 68170 | Zot:5    | Killed an orb of fire
 68183 | Zot:5    | Noticed an orb of fire
 68201 | Zot:5    | Killed an orb of fire
 68244 | Zot:5    | Noticed an orb of fire
 68260 | Zot:5    | Gained mutation: Your spells are a little easier to cast, but a little less powerful. [an orb of fire]
 68261 | Zot:5    | Killed an orb of fire
 68348 | Zot:5    | Noticed an orb of fire
 68368 | Zot:5    | Killed an orb of fire
 68644 | Zot:5    | Reached skill level 10 in Summonings
 69167 | Orc:2    | Bought 2 potions of cancellation for 416 gold pieces
 69167 | Orc:2    | Bought a potion of mutation for 208 gold pieces
 69167 | Orc:2    | Bought a potion of curing for 78 gold pieces
 69740 | Vaults:5 | Bought a potion of magic for 160 gold pieces
 69740 | Vaults:5 | Bought a potion of lignification for 60 gold pieces
 70545 | Depths:4 | Voluntarily entered the Abyss.
 70857 | Abyss:2  | Found a corrupted altar of Lugonu.
 70926 | Abyss:2  | Found a burning altar of Makhleb.
 71564 | Abyss:4  | Got an abyssal rune of Zot
 72014 | Abyss:4  | Found a corrupted altar of Lugonu.
 72039 | Abyss:5  | Entered Level 5 of the Abyss
 72164 | Depths:4 | Escaped the Abyss
 72191 | Depths:4 | HP: 11/234 [poisoned by a guardian serpent (bolt of poison)]
 72198 | Depths:4 | HP: 9/234 [poisoned by a guardian serpent (bolt of poison)]
 72206 | Depths:4 | HP: 7/234 [poisoned by a guardian serpent (bolt of poison)]
 72536 | Depths:4 | Learned a level 4 spell: Passage of Golubria
 72954 | Slime:1  | Entered Level 1 of the Pits of Slime
 73286 | Slime:2  | Noticed Dissolution
 73294 | Slime:1  | Killed Dissolution
 73834 | Slime:5  | Entered Level 5 of the Pits of Slime
 73857 | Slime:5  | Noticed the Royal Jelly
 74007 | Slime:5  | Found the +3 salamander hide armour {+Rage rF++}
 74007 | Slime:5  | Found a viscous altar of Jiyva.
 74051 | Slime:5  | Killed the Royal Jelly
 74051 | Slime:5  | Reached skill level 10 in Translocations
 74205 | Slime:5  | Identified the +2 pair of gloves of Creativity {rF+} (You found it on level 5 of the Pits of Slime)
 74224 | Slime:5  | Identified the +2 battleaxe "Xufune" {freeze, *Corrode rN+ Dex+2} (You found it on level 5 of the Pits of Slime)
 74314 | Slime:5  | Learned a level 7 spell: Malign Gateway
 74333 | Slime:5  | Identified the Catalogue of Battle Magic
 74341 | Slime:5  | Learned a level 5 spell: Summon Forest
 74361 | Slime:5  | Got a slimy rune of Zot
 75034 | Crypt:1  | Entered Level 1 of the Crypt
 75057 | Crypt:1  | Noticed Boris
 75089 | Vaults:3 | Killed Boris
 75184 | Crypt:1  | Noticed Mennas
 75261 | Vaults:3 | Killed Mennas
 75712 | Crypt:1  | Identified the +9 trident of the Sky {pierce, rPois rC+ Int+2 Stlth+} (You found it on level 1 of the Crypt)
 76114 | Crypt:2  | Noticed Mara
 76138 | Crypt:2  | Noticed LetsPracticeQazlal's illusion
 76161 | Crypt:2  | Noticed LetsPracticeQazlal's illusion
 76186 | Crypt:2  | Noticed LetsPracticeQazlal's illusion
 76188 | Crypt:2  | Killed Mara
 76946 | Crypt:2  | Identified the cursed +2 flail of the Briny Deep {crush, MR+} (You took it off a mummy priest on level 2 of the Crypt)
 76952 | Crypt:2  | Identified the +4 plate armour "Are Lyh" {rPois Str+4} (You took it off a mummy priest on level 2 of the Crypt)
 76953 | Crypt:2  | Noticed a greater mummy
 76961 | Crypt:2  | Killed a greater mummy
 77087 | Crypt:2  | Identified Fido's Almanac of Supportive Poison
 77122 | Crypt:2  | Noticed a greater mummy
 77138 | Crypt:2  | Killed a greater mummy
 77344 | Crypt:3  | Entered Level 3 of the Crypt
 77422 | Crypt:3  | Noticed Jory
 77438 | Crypt:3  | Killed Jory
 78087 | Crypt:3  | Noticed an ancient lich
 78088 | Crypt:3  | Noticed an ancient lich
 78088 | Crypt:3  | Noticed an ancient lich
 78121 | Crypt:3  | Killed an ancient lich
 78129 | Crypt:3  | Killed an ancient lich
 78146 | Crypt:3  | Killed an ancient lich
 78156 | Crypt:3  | Identified a +0 pair of boots of running (You found it on level 3 of the Crypt)
 78617 | Crypt:3  | Found a staircase to the Tomb.
 79000 | Hell     | Entered the Vestibule of Hell
 79000 | Hell     | Noticed Geryon
 79355 | Hell     | Killed Geryon
 79539 | Hell     | Reached skill level 15 in Spellcasting
 79687 | Hell     | Found a gateway to the Iron City of Dis.
 79737 | Hell     | Found a gateway to the ashen valley of Gehenna.
 79799 | Hell     | Found a gateway to the decaying netherworld of Tartarus.
 79907 | Hell     | Found a gateway to the freezing wastes of Cocytus.
 80120 | Geh:1    | Entered Level 1 of Gehenna
 81473 | Geh:7    | Entered Level 7 of Gehenna
 84022 | Geh:7    | Noticed Asmodeus
 84043 | Geh:7    | Killed Asmodeus
 84073 | Geh:7    | Got an obsidian rune of Zot
 84546 | Elf:2    | Bought a pitted arbalest for 399 gold pieces
 84546 | Elf:2    | Identified the cursed +1 arbalest of Dim Light {freeze, rN+} (You bought it in a shop on level 2 of the Elven Halls)
 84547 | Elf:2    | Bought an encrusted hand crossbow for 357 gold pieces
 84547 | Elf:2    | Identified the +1 hand crossbow "Reiqepp" {venom, MR+ Str+4 Dex+2} (You bought it in a shop on level 2 of the Elven Halls)
 84808 | Depths:1 | Bought a book of the Earth for 1170 gold pieces
 84815 | Depths:1 | Learned a level 6 spell: Statue Form
 84864 | Depths:2 | Bought a potion of might for 140 gold pieces
 84864 | Depths:2 | Upgraded the game from 0.22-a0-183-g9e71ff9 to 0.22-a0-189-g981819d
 84949 | Dis:1    | Entered Level 1 of the Iron City of Dis
 85026 | Dis:1    | Reached skill level 1 in Transmutations
 85026 | Dis:1    | Reached skill level 1 in Earth Magic
 86369 | Dis:2    | Reached skill level 5 in Earth Magic
 86409 | Dis:2    | Reached skill level 5 in Transmutations
 87999 | Dis:6    | Reached skill level 10 in Earth Magic
 88135 | Dis:6    | Found a huge runed gate.
 88135 | Dis:6    | Found a huge runed gate.
 88135 | Dis:6    | Found a huge runed gate.
 88135 | Dis:6    | Found a huge runed gate.
 88136 | Dis:6    | Found a huge runed gate.
 88156 | Dis:6    | Found a huge runed gate.
 88156 | Dis:6    | Found a huge runed gate.
 88156 | Dis:6    | Found a huge runed gate.
 88166 | Dis:6    | Found a huge runed gate.
 88179 | Dis:6    | Found a huge runed gate.
 88179 | Dis:6    | Found a huge runed gate.
 88312 | Dis:6    | Gained mutation: Your body sometimes deteriorates upon taking damage. [mutagenic glow]
 88338 | Dis:6    | Gained mutation: You are frail. (-10% HP) [mutagenic glow]
 88410 | Dis:6    | Gained mutation: You are weak. (Str -2) [mutagenic glow]
 88448 | Dis:7    | Entered Level 7 of the Iron City of Dis
 88458 | Dis:7    | Reached skill level 10 in Transmutations
 90265 | Dis:7    | Reached skill level 15 in Earth Magic
 90771 | Dis:7    | Killed from afar by a Hell Sentinel

Vault maps used:
D:1:      lemuel_arrival_river_bridge
D:2:      fedhas_altar_2, first_ration, hangedman_decor_lopped, xom_redecorated
D:3:      kennysheep_goblin_castle, uniq_crazy_yiuf_cottage
D:4:      minmay_temple_entry_trees, uniq_edmund
D:5:      nicolae_ossuary_entry_catacombs, uniq_duvessa, uniq_blork_the_orc,
          uniq_grinder
D:6:      chequers_temple_overflow_statue_of_worship, portal_sewer_entry_e
D:7:      zin_angel, serial_shops, shop, minmay_misc_feat_plants, uniq_pikel,
          uniq_joseph
D:8:      grunt_temple_overflow_open, kennysheep_kite_vault, uniq_gastronok,
          uniq_erica
D:9:      old_standard_altar, uniq_grum
D:10:     erik_lair_island
D:11:     nicolae_trove_entry_columns, hangedman_ranch, uniq_harold
D:12:     erik_orc_2, uniq_fannar
D:14:     grunt_vaults_entry_fortified, elyvilon_altar_1, basic_altar,
          uniq_josephine
D:15:     gammafunk_enter_depths_forms, hangedman_abyss_or_decor_stagger,
          trog_ov_bears_minmay, uniq_urug, uniq_louise
Temple:   cyrus_circular_temple
Lair:1:   grunt_megastairs_4, serial_bayou_shore_b
Lair:2:   nicolae_quartered_pool_little
Lair:3:   beast_lair_carwin_large_3, minmay_swamp_entry_eels,
          nicolae_volcano_entry_hallway
Lair:4:   nicolae_spider_entry_tight_spaces
Lair:5:   minivault_25
Lair:6:   minmay_lair_end_frog_pond, minmay_slime_entry_oklob_open,
          serial_bayou_shore_b, uniq_nessos
Swamp:1:  evilmike_swamp_ruin_rubble_1, swamp_pool1, cheibrodos_swamp_kobolds
Swamp:2:  hangedman_swamp_blocks
Swamp:3:  cheibrodos_swamp_heart_of_darkness, nicolae_swamp_dense_foliage,
          swamp_pool4, uniq_aizul
Swamp:4:  swamp, infiniplex_staircase_pool
Spider:1: gammafunk_its_a_trap, spider_trap
Spider:2: uniq_kirke
Spider:3: nicolae_spider_mines_2, spider_trap, uniq_jorgrun, uniq_azrael
Spider:4: guppyfry_spider_rune, uniq_agnes, uniq_arachne
Slime:2:  dissolution_awaits
Slime:4:  cheibrodos_slime_lost_civilization_5
Orc:1:    uniq_nergalle, uniq_snorg
Orc:2:    st_orc_elflike, basic_altar, uniq_erolcha
Elf:1:    eino_elf_arrival_customs, serial_shops, nicolae_shop_trees,
          minivault_28, minmay_shop_grove
Elf:2:    serial_shops, shop, minivault_13, uniq_donald
Elf:3:    minmay_elf_hall, grunt_megastairs_1
Vaults:1: ontoclasm_vaults_bender, st_lattice, hangedman_vaults_nails,
          nicolae_vaults_diagonal_hallway_8, nicolae_vaults_alarming,
          hangedman_vaults_slice, nicolae_vaults_big_ls, serial_ice_m
Vaults:2: grunt_vaults_trifunnel, vaults_room_stairs_pillars,
          dpeg_vaults_monster_row, hangedman_vaults_cutoff, v_misc_10,
          vaults_room_ringed_pool, nicolae_vaults_little_squares_3,
          vaults_room_pool, ontoclasm_vaults_loading_screen, vaults_room_grid,
          nicolae_vaults_theta, vaults_dpeg_diagonal
Vaults:3: nicolae_vaults_network_quinsquares, nicolae_vaults_ninety_degrees,
          ontoclasm_vaults_claustrophobia, minmay_crypt_entry_simple_statues,
          nicolae_vaults_border_crossing, v_misc_28, vaults_mumra_chevron,
          nicolae_vaults_shelves_hall, ontoclasm_vaults_pinch, st_hourglassy,
          v_misc_10
Vaults:4: st_check, nicolae_vaults_network_periphery,
          nicolae_vaults_hallways_thing, v_misc_32, ontoclasm_vaults_gateway,
          v_pattern_1, nicolae_vaults_shelves_hall, nicolae_vaults_network_s,
          hangedman_vaults_stretched_pinwheel, nicolae_vaults_back_hallway,
          uniq_bai_suzhen
Vaults:5: serial_shops
Crypt:1:  uniq_mennas, uniq_boris
Crypt:2:  st_burial_chamber, basic_stair_grate_trap, lemuel_elevator, uniq_mara
Crypt:3:  david_glass_crypt, tomb_entry_simple_bobbens,
          serial_sigils_hangedman_scratch, uniq_jory
Depths:1: pf_hell_entry_tar_spiral, minmay_misc_feat_diagonals,
          hangedman_corner_corridor, minmay_shop_star, uniq_enchantress,
          uniq_nikola, uniq_asterion
Depths:2: nicolae_legendary_halls, nrook_pool_corridor, serial_shops, shop,
          pan_entry, hell_entry, lightli_giant_bouncers, uniq_saint_roka
Depths:3: ragdoll_tomb_raider, minmay_misc_feat_roman, serial_shops,
          nicolae_shop_window_shopping, shop_fountains, kennysheep_mini_moat,
          shop, hell_entry, pan_entry, spider_trap, minmay_fire_ice_demons,
          serial_bayou_shore_b
Depths:4: minmay_guarded_unrand_guard, fountainhead, hell_entry,
          rand_demon_pan_entry_7, abyss_entry_small_statue_room, serial_shops,
          nicolae_shop_overgrown_old_shop, pandoras_box_mu,
          minmay_staircase_windowed_small
Depths:5: grunt_zot_entry_gee_three, enter_ziggurat_f, abandoned_shop,
          grunt_hell_entry_dis_old, kennysheep_crisscross
Dis:1:    grunt_megastairs_2
Dis:2:    nicolae_dis_lava_storage_tank, door_vault
Dis:6:    door_vault
Dis:7:    iron_city_of_dis
Geh:3:    grunt_megastairs_5
Geh:4:    lemuel_elevator
Geh:7:    geh_hangedman
Zot:1:    nrook_zot_tub
Zot:3:    hangedman_zot_vaults_quadrants
Zot:4:    grunt_zot_stairs_overgrown
Abyss:1:  hangedman_abyss_stitches_cave
Abyss:2:  grunt_abyss_exit_deep_breaths, gammafunk_abyss_exit_x_factor
Abyss:3:  hangedman_classic_abyss_death
Abyss:4:  hangedman_abyss_or_decor_slice, lemuel_flamethrower_2,
          nicolae_abyss_rune_left_handed
Abyss:5:  evilmike_abyss_exit_17, hangedman_abyss_overflow_altar
Trove:    trove_garden
Sewer:    kennysheep_pipe_town
Ossuary:  minmay_ossuary_two_tombs
Volcano:  volcano_bunker

Skill      XL: |  1  2  3  4  5  6  7  8  9 10 11 12 13 14 15 16 17 18 19 20 21 22 23 24 25 26 27 |
---------------+----------------------------------------------------------------------------------+-----
Shields        | 4 5 7 8 9 11 12 13 14 15 | 15.0
Staves         | 3 4 6 7 8 10 12 13 14 15 16 18 19 20 21 24 | 24.2
Armour         | 4 5 6 7 8 9 10 12 13 14 15 16 17 18 19 20 | 20.0
Slings         | 1 2 3 4 6 8 9 10 12 13 14 15 17 18 20 23 | 23.3
Fighting       | 4 6 7 8 10 12 14 15 16 17 18 19 20 24 | 24.4
Invocations    | 2 4 8 10 11 12 13 14 16 18 22 | 22.3
Evocations     | 3 5 16 | 16.0
Dodging        | 5 8 18 | 18.0
Spellcasting   | 18 | 18.0
Summonings     | 14 | 14.7
Translocations | 12 | 12.0
Transmutations | 14 | 14.0
Earth Magic    | 15 | 15.1
Throwing       | |  0.1

Action                   |  1- 3 |  4- 6 |  7- 9 | 10-12 | 13-15 | 16-18 | 19-21 | 22-24 | 25-27 || total
-------------------------+-------+-------+-------+-------+-------+-------+-------+-------+-------++-------
Melee: Quarterstaff      |    86 |   181 |   547 |   433 |   162 |       |       |       |       ||  1409
       Lajatang          |       |       |       |       |   657 |   925 |  1011 |   916 |  6402 ||  9911
       Peck              |       |       |       |       |       |       |       |       |  1926 ||  1926
       Trishula          |       |       |       |       |       |       |       |       |    13 ||    13
 Fire: Hunting sling     |       |    75 |    62 |   499 |   329 |   552 |   546 |   250 |  1763 ||  4076
Throw: Stone             |       |       |     1 |     2 |       |       |       |       |       ||     3
       Tomahawk          |       |       |       |     4 |     2 |     3 |     1 |       |     4 ||    14
 Cast: Passage of Golubr |       |       |       |       |       |       |       |       |    13 ||    13
       Aura of Abjuratio |       |       |       |       |       |       |       |       |    13 ||    13
       Summon Forest     |       |       |       |       |       |       |       |       |     3 ||     3
Invok: Upheaval          |       |       |       |     1 |     4 |     9 |     5 |    12 |    66 ||    97
       Disaster Area     |       |       |       |       |     1 |     1 |       |     2 |     9 ||    13
       Elemental Force   |       |       |       |       |       |     1 |       |     2 |       ||     3
 Abil: Dig               |       |     1 |     1 |     2 |     2 |     3 |     2 |       |    65 ||    76
       Evoke Flight      |       |       |       |       |     1 |     5 |       |       |     2 ||     8
       Shaft Self        |       |       |       |       |       |       |       |       |     1 ||     1
Evoke: Wand              |       |       |       |       |       |       |       |     2 |       ||     2
       Lamp of fire      |       |       |       |       |       |       |       |     1 |       ||     1
       Lightning rod     |       |       |       |       |       |       |       |       |     1 ||     1
  Use: Scroll            |       |     4 |     8 |     5 |    13 |    14 |    12 |     5 |    47 ||   108
       Potion            |       |     1 |     1 |     2 |     1 |     2 |     1 |    11 |    21 ||    40
 Stab: Invisible         |       |       |     3 |       |       |       |       |       |       ||     3
       Distracted        |       |       |       |       |       |       |     1 |       |       ||     1
  Eat: Chunk             |       |     9 |     7 |    22 |    27 |    18 |    28 |    16 |    43 ||   170
       Ration            |       |       |     1 |       |     1 |     5 |     1 |     2 |    26 ||    36
Armor: Scale mail        |    28 |    12 |       |       |       |       |       |       |       ||    40
       Chain mail        |       |   104 |   208 |   150 |    40 |       |       |       |       ||   502
       Crystal plate arm |       |       |       |       |   238 |   680 |   289 |    50 |       ||  1257
       Skin              |       |       |       |       |     1 |       |       |       |       ||     1
       Plate armour      |       |       |       |       |       |       |       |   115 |   457 ||   572
       Gold dragon scale |       |       |       |       |       |       |       |       |   925 ||   925
Dodge: Dodged            |    27 |    60 |   116 |    89 |   125 |   249 |    97 |    60 |   885 ||  1708
       Deflected         |       |       |       |     7 |     5 |     5 |    19 |     9 |    95 ||   140
Block: Shield            |    36 |   139 |   338 |   424 |   703 |  1235 |   984 |  1300 |  8314 || 13473
       Reflection        |       |       |       |       |       |       |    79 |    97 |    12 ||   188
       Other             |       |       |       |       |       |       |     2 |       |       ||     2

Table legend:
 A = Spawn XP
 B = Non-spawn XP
 C = Spawn XP percentage of total XP
 D = Spawn monster count
 E = Non-spawn monster count
 F = Spawn count percentage of total count
 G = Total turns spent on level
                    A         B        C        D         E        F      G
               +---------+---------+-------+---------+---------+-------+---------
         Total |   87188 | 2825855 |   3.0 |     146 |    3856 |   3.6 | 90771
               +---------+---------+-------+---------+---------+-------+---------
           D:1 |       0 |      55 |   0.0 |       0 |      27 |   0.0 |   927
           D:2 |       0 |      51 |   0.0 |       0 |      19 |   0.0 |  1063
           D:3 |       0 |     131 |   0.0 |       0 |      39 |   0.0 |   936
           D:4 |       0 |     361 |   0.0 |       0 |      15 |   0.0 |   789
           D:5 |       0 |    1138 |   0.0 |       0 |      17 |   0.0 |  1481
           D:6 |       0 |    1079 |   0.0 |       0 |      36 |   0.0 |   934
           D:7 |       0 |    3239 |   0.0 |       0 |      27 |   0.0 |  1888
           D:8 |       0 |    5768 |   0.0 |       0 |      45 |   0.0 |  1276
           D:9 |       0 |    1190 |   0.0 |       0 |      18 |   0.0 |   852
          D:10 |       0 |    2593 |   0.0 |       0 |      29 |   0.0 |  1031
          D:11 |       0 |    6431 |   0.0 |       0 |      39 |   0.0 |  1722
          D:12 |       0 |    8604 |   0.0 |       0 |      55 |   0.0 |  1927
          D:13 |       0 |    5103 |   0.0 |       0 |      14 |   0.0 |   716
          D:14 |       0 |   16363 |   0.0 |       0 |      33 |   0.0 |  1527
          D:15 |       0 |   30925 |   0.0 |       0 |      50 |   0.0 |  1533
        Lair:1 |       0 |    7093 |   0.0 |       0 |      21 |   0.0 |  1843
        Lair:2 |       0 |    4278 |   0.0 |       0 |      19 |   0.0 |  1183
        Lair:3 |       0 |    4819 |   0.0 |       0 |      19 |   0.0 |  1115
        Lair:4 |       0 |   16613 |   0.0 |       0 |      48 |   0.0 |  1810
        Lair:5 |       0 |    8903 |   0.0 |       0 |      32 |   0.0 |  1367
        Lair:6 |       0 |   22447 |   0.0 |       0 |      76 |   0.0 |  1500
       Swamp:1 |       0 |    9048 |   0.0 |       0 |      29 |   0.0 |  1019
       Swamp:2 |       0 |    4488 |   0.0 |       0 |      14 |   0.0 |  1055
       Swamp:3 |       0 |   30384 |   0.0 |       0 |      59 |   0.0 |  2152
       Swamp:4 |       0 |   18701 |   0.0 |       0 |      36 |   0.0 |   840
      Spider:1 |       0 |   14734 |   0.0 |       0 |      46 |   0.0 |  1011
      Spider:2 |       0 |   13048 |   0.0 |       0 |      26 |   0.0 |  1505
      Spider:3 |       0 |   22878 |   0.0 |       0 |      58 |   0.0 |  1129
      Spider:4 |       0 |   48093 |   0.0 |       0 |      93 |   0.0 |  2184
       Slime:1 |       0 |   29341 |   0.0 |       0 |      14 |   0.0 |   180
       Slime:2 |       0 |    8343 |   0.0 |       0 |      19 |   0.0 |   229
       Slime:3 |       0 |   10097 |   0.0 |       0 |      15 |   0.0 |   190
       Slime:4 |       0 |   13273 |   0.0 |       0 |      21 |   0.0 |   202
       Slime:5 |       0 |   50877 |   0.0 |       0 |      35 |   0.0 |   753
         Orc:1 |       0 |    4090 |   0.0 |       0 |      26 |   0.0 |   908
         Orc:2 |       0 |   11494 |   0.0 |       0 |      48 |   0.0 |  1062
         Elf:1 |       0 |   20464 |   0.0 |       0 |      34 |   0.0 |  1490
         Elf:2 |       0 |   57005 |   0.0 |       0 |      73 |   0.0 |  2494
         Elf:3 |       0 |   66846 |   0.0 |       0 |      67 |   0.0 |  2182
      Vaults:1 |       0 |   56194 |   0.0 |       0 |      96 |   0.0 |  1553
      Vaults:2 |       0 |   54669 |   0.0 |       0 |      79 |   0.0 |  1559
      Vaults:3 |       0 |   89193 |   0.0 |       0 |      98 |   0.0 |  2469
      Vaults:4 |       0 |  105129 |   0.0 |       0 |      99 |   0.0 |  2632
      Vaults:5 |       0 |  146967 |   0.0 |       0 |     114 |   0.0 |  1658
       Crypt:1 |       0 |   20720 |   0.0 |       0 |      35 |   0.0 |   764
       Crypt:2 |       0 |   72952 |   0.0 |       0 |      74 |   0.0 |  1357
       Crypt:3 |       0 |   70438 |   0.0 |       0 |      48 |   0.0 |  1446
      Depths:1 |       0 |   51416 |   0.0 |       0 |      64 |   0.0 |  1897
      Depths:2 |       0 |   96134 |   0.0 |       0 |      92 |   0.0 |  3168
      Depths:3 |       0 |   45259 |   0.0 |       0 |      54 |   0.0 |  1647
      Depths:4 |    2023 |   90553 |   2.2 |       3 |      85 |   3.4 |  1746
      Depths:5 |       0 |   66233 |   0.0 |       0 |      56 |   0.0 |  1464
          Hell |       0 |   50648 |   0.0 |       0 |      65 |   0.0 |  1900
         Dis:1 |       0 |   30024 |   0.0 |       0 |      67 |   0.0 |  1006
         Dis:2 |       0 |   24432 |   0.0 |       0 |      66 |   0.0 |   478
         Dis:3 |       0 |   32690 |   0.0 |       0 |      59 |   0.0 |   299
         Dis:4 |       0 |   18826 |   0.0 |       0 |      30 |   0.0 |   140
         Dis:5 |       0 |    3185 |   0.0 |       0 |       5 |   0.0 |    88
         Dis:6 |       0 |   50994 |   0.0 |       0 |      81 |   0.0 |   993
         Dis:7 |       0 |  122052 |   0.0 |       0 |     115 |   0.0 |  1485
         Geh:1 |       0 |   42468 |   0.0 |       0 |      60 |   0.0 |   386
         Geh:2 |       0 |   15055 |   0.0 |       0 |      28 |   0.0 |   153
         Geh:3 |       0 |   49555 |   0.0 |       0 |      96 |   0.0 |   372
         Geh:4 |       0 |   21067 |   0.0 |       0 |      44 |   0.0 |   297
         Geh:5 |       0 |   11551 |   0.0 |       0 |      27 |   0.0 |   131
         Geh:6 |       0 |   27881 |   0.0 |       0 |      66 |   0.0 |   289
         Geh:7 |       0 |  160113 |   0.0 |       0 |     189 |   0.0 |  2154
         Zot:1 |       0 |   73969 |   0.0 |       0 |      47 |   0.0 |  1476
         Zot:2 |       0 |   67844 |   0.0 |       0 |      35 |   0.0 |   865
         Zot:3 |       0 |   95556 |   0.0 |       0 |      53 |   0.0 |  1402
         Zot:4 |       0 |   78584 |   0.0 |       0 |      47 |   0.0 |  1321
         Zot:5 |       0 |  230727 |   0.0 |       0 |      69 |   0.0 |  1253
       Abyss:2 |   18240 |   28632 |  38.9 |      40 |      77 |  34.2 |   612
       Abyss:3 |   24768 |   10300 |  70.6 |      29 |      29 |  50.0 |   252
       Abyss:4 |   38309 |   24005 |  61.5 |      64 |      38 |  62.7 |   594
       Abyss:5 |    3848 |    2082 |  64.9 |      10 |       5 |  66.7 |   125
         Sewer |       0 |     528 |   0.0 |       0 |      24 |   0.0 |   363
       Ossuary |       0 |     219 |   0.0 |       0 |      38 |   0.0 |   383
       Volcano |       0 |    6623 |   0.0 |       0 |      11 |   0.0 |   418
               +---------+---------+-------+---------+---------+-------+---------
